Construct Light Support Kompanie
Construct Mechanized Kompanie
Selects Panzerjäger Kommand Battlegroup
Selects Blockade Equipment
Selects GrB 39 Grenade Launcher Requisition
Construct Panzerarmee Kommand
Selects Crew Shock Tactics
18-tonne Recovery Half-track
18-tonne Recovery Half-track
Selects Elefant Tank Destroyer
Flak 36 Anti-tank Gun Team
Selects Butterfly Bomb Drop
18-tonne Recovery Half-track
18-tonne Recovery Half-track